 Seeded DCSS version 0.30.0-13-g156ef70053 (webtiles) character file.

Game seed: 5 (custom seed)

52 Kazon the Sneak (level 3, 0/24 HPs)
             Began as an Octopode Brigand on May 17, 2023.
             Slain by a jackal (3 damage)
             ... on level 2 of the Dungeon.
             The game lasted 00:03:09 (892 turns).

Kazon the Sneak (Octopode Brigand)                   Turns: 892, Time: 00:03:09

Health: 0/24       AC:  1    Str: 12    XL:     3   Next: 85%
Magic:  3/3        EV: 12    Int: 13    God:
Gold:   78         SH:  3    Dex: 13    Spells: 2/2 levels left

rFire   . . .        a - +2 dagger
rCold   . . .        c - +0 buckler "Ybean" {rPois}
rNeg    . . .        (helmet restricted)
rPois   +            (no amulet)
rElec   .            (no ring)
rCorr   .            (no ring)
SInv    .            (no ring)
Will    .....        (no ring)
Stlth   ++++         (no ring)
HPRegen 0.24/turn    (no ring)
MPRegen 0.08/turn    (no ring)
                     (no ring)

%: no passive effects
@: no status effects
A: almost no armour, amphibious, 8 rings, camouflage 1, gelatinous body 1,
(nimble swimmer 1), tentacles
a: no special abilities


You were on level 2 of the Dungeon.
You visited 1 branch of the dungeon, and saw 2 of its levels.

You collected 78 gold pieces.

Inventory:

Hand Weapons
 a - a +2 dagger (weapon)
Missiles
 b - 9 poisoned darts (quivered)
 d - 3 curare-tipped darts
 e - 3 boomerangs
 j - 2 stones
Armour
 c - the +0 buckler "Ybean" (worn) {rPois}
   (You acquired it on level 1 of the Dungeon)

   rPois:     It protects you from poison.
 g - a +0 tower shield
Scrolls
 i - a scroll of vulnerability {unknown}
 k - a scroll of fog {unknown}
Potions
 f - 2 potions of curing {unknown}
 h - a potion of resistance {unknown}
 l - a potion of magic {unknown}


   Skills:
 + Level 2.2 Fighting
 + Level 2.3 Short Blades
 + Level 2.3 Throwing
 + Level 1.3 Dodging
 + Level 6.5 Stealth


You had 2 spell levels left.
You didn't know any spells.
Your spell library was empty.

Dungeon Overview and Level Annotations

Branches:
Dungeon (2/15)

Altars:


Innate Abilities, Weirdness & Mutations

You cannot wear most types of armour.
You are amphibious.
You can wear up to eight rings at the same time.
Your skin changes colour to match your surroundings (Stealth+).
Your rubbery body absorbs attacks. (AC +1, EV +1)
((You are camouflaged when in or above water. (Stealth+)))
You have tentacles for arms and can constrict up to eight enemies at once.


Message History

You release your grip on the jackal.
The jackal bites you.
* * * LOW HITPOINT WARNING * * *
The jackal misses you. The jackal closely misses you.
The hobgoblin closely misses you.
A jackal comes into view.
You see here a +0 dagger.
You closely miss the hobgoblin.
The jackal barks!
You grab the hobgoblin.
You squeeze the hobgoblin, but do no damage.
You constrict the hobgoblin.
You hear an angry hiss.
The jackal bites you.
* * * LOW HITPOINT WARNING * * *
The jackal closely misses you. You block the jackal's attack.
The hobgoblin barely misses you.
You hit the jackal. You grab the jackal.
The jackal is moderately wounded.
You constrict the hobgoblin. You constrict the jackal.
The jackal closely misses you. The jackal barely misses you.
You hit the jackal.
You kill the jackal!
You constrict the hobgoblin. You constrict the jackal.
The jackal barely misses you. The hobgoblin misses you.
You block the jackal's attack.
You hit the jackal but do no damage.
The jackal is severely wounded.
You constrict the hobgoblin.
You kill the hobgoblin!
You constrict the jackal. The jackal bites you.
* * * LOW HITPOINT WARNING * * *
You release your grip on the jackal.
You hit the jackal.
You kill the jackal!
A jackal comes into view.
The jackal barks!
You hit the jackal but do no damage. You grab the jackal.
You constrict the jackal, but do no damage.
You block the jackal's attack. The jackal bites you.
You die...

..## ...# ########
#..#######......<
#..#.....#.......
#................
##................ ...
##..# #..........
....##.@.# #........##
.......h)## ##........#<
........†.###..####...##
..#........#...# #...†)
# #####h.......# ##...##
.<...#.......##......
#......#..........###
.....####.........##
..... #####+..###


You could see 2 jackals.

Vanquished Creatures
  An adder (D:2)
  2 bats (D:1)
  5 endoplasms (D:1)
  A giant cockroach (D:1)
  7 goblins
  2 hobgoblins
  9 jackals
  2 kobolds
  3 ball pythons
  2 frilled lizards
  A rat (D:1)
35 creatures vanquished.

Notes
Turn   | Place    | Note
-------+----------+-------------------------------------------
     0 | D:1      | Kazon the Octopode Brigand began the quest for the Orb.
     0 | D:1      | Reached XP level 1. HP: 14/14 MP: 1/1
    34 | D:1      | Identified a scroll of acquirement
    34 | D:1      | Acquired the +0 buckler "Ybean" {rPois}
    87 | D:1      | Reached XP level 2. HP: 18/19 MP: 2/2
   162 | D:1      | Reached skill level 6 in Stealth
   704 | D:1      | Reached XP level 3. HP: 24/24 MP: 3/3
   892 | D:2      | Slain by a jackal

Illustrated notes

Levels and vault maps discovered:
D:1:      ebering_trefoil_3fold, layout_basic, st_stairs_14, serial_bayou_ford_a
D:2:      layout_basic, hangedman_decor_growths, minmay_close_crescents

Skill      XL: |  1  2 |
---------------+-------+-----
Stealth        | 6 |  6.5
Fighting       | |  2.2
Short Blades   | |  2.3
Throwing       | |  2.3
Dodging        | |  1.3

Action                     || total
---------------------------++-------
  Melee: Dagger            ||    72
         Tentacles         ||    11
         Constrict         ||    15
         Punch             ||     1
  Throw: Dart              ||     2
    Use: Scroll            ||     1
   Stab: Sleeping          ||     9
 Armour: Skin              ||     6
  Dodge: Dodged            ||    33
  Block: Buckler           ||     8
